 Dungeon Crawl Stone Soup version 0.32-a0-975-g85d4e5bfdb (webtiles) character file.

Game seed: 14289645285007817908

11206 Autsider the Slicer (level 11, -21/60 HPs)
             Began as a Vine Stalker Berserker on Apr 18, 2024.
             Was a High Priest of Trog.
             Killed from afar by a fire dragon (36 damage)
             ... with a blast of flame
             ... on level 9 of the Dungeon.
             The game lasted 00:17:05 (7796 turns).

Autsider the Slicer (Vine Stalker Berserker)        Turns: 7796, Time: 00:17:05

Health: -21/60     AC: 35    Str: 22    XL:     11   Next: 74%
Magic:  0/12       EV: 16    Int:  7    God:    Trog [*****.]
Gold:   1756       SH: 15    Dex: 22    Spells: 10/10 levels left

rFire   . . .        K - +6 short sword
rCold   . . .        Z - +0 kite shield
rNeg    + . .        Q - +13 chain mail of the Flute {rN+ Will+ Dex+3}
rPois   .            e - +0 helmet
rElec   .            y - +0 cloak
rCorr   .            G - +0 pair of fencer's gloves {Riposte Dex+3}
SInv    .            V - +2 pair of boots {Fly}
Will    ++++.        x - amulet of reflection Stlth
                     J - +4 ring of protection
HPRegen 2.10/turn    Y - +5 ring of evasion
MPRegen 0.13/turn

%: reflection, guardian spirit
@: strong-willed, on berserk cooldown, flying, regenerating, slowed, very slow
A: fangs 3, regeneration 1, magic shield, antimagic bite, no potion heal 2
a: Renounce Religion, Berserk, Trog's Hand, Brothers in Arms


You were on level 9 of the Dungeon.
You worshipped Trog.
Trog was extremely pleased with you.
You visited 2 branches of the dungeon, and saw 10 of its levels.
You also visited: Ossuary and Bailey.

You collected 1756 gold pieces.

Inventory:

Hand Weapons
 b - a +2 sling of freezing
 m - a +3 short sword of flaming
 q - a +2 dagger of venom
 K - a +6 short sword (weapon)
 R - a +4 short sword
 T - a +2 heavy short sword
Missiles
 n - 4 throwing nets (quivered)
 s - 2 atropa-tipped darts
 S - 35 boomerangs
Armour
 e - a +0 helmet (worn)
 o - a +4 plate armour
 y - a +0 cloak (worn)
 G - the +0 pair of fencer's gloves (worn) {Riposte Dex+3}
   (You acquired it on level 7 of the Dungeon)

   Riposte:   It allows the wearer to riposte with melee weapons, swiftly
   retaliating against missed or blocked melee attacks.
   Dex+3:     It affects your dexterity (+3).
 Q - the +13 chain mail of the Flute (worn) {rN+ Will+ Dex+3}
   (You took it off an orc on level 7 of the Dungeon)

   Dex+3:     It affects your dexterity (+3).
   rN+:       It protects you from negative energy.
   Will+:     It increases your willpower.
 V - a +2 pair of boots of flying (worn)
 Z - a +0 kite shield (worn)
Jewellery
 x - an amulet of reflection (around neck)
 I - an amulet of the acrobat
 J - a +4 ring of protection (left hand)
 M - a ring of positive energy
 W - a ring of flight
 Y - a +5 ring of evasion (right hand)
Wands
 v - a wand of digging (5)
 w - a wand of charming (16)
 A - a wand of polymorph (9)
 C - a wand of light (11)
 U - a wand of flame (33)
Scrolls
 h - a scroll of fear
 k - a scroll of enchant weapon
 l - a scroll of brand weapon
 r - 2 scrolls of fog
 t - a scroll of noise
 u - 3 scrolls of revelation {unknown}
 F - 10 scrolls of teleportation {@r2}
 L - a scroll of blinking {unknown}
 N - a scroll of immolation {unknown}
 O - a scroll of enchant armour {unknown}
 P - a scroll of vulnerability
 X - a scroll of poison
Potions
 a - 2 potions of degeneration {unknown}
 c - 5 potions of mutation
 d - 2 potions of magic {unknown}
 f - 4 potions of attraction
 g - 6 potions of curing {@q1}
 i - 6 potions of enlightenment
 j - 3 potions of heal wounds {unknown}
 p - 2 potions of lignification {unknown}
 z - 2 potions of haste {unknown}
 B - a potion of ambrosia {unknown}
 D - a potion of invisibility {unknown}
 E - 2 potions of resistance {unknown}
 H - a potion of brilliance {unknown}


   Skills:
 + Level 8.4 Fighting
 - Level 10.0 Short Blades
 + Level 7.4 Armour
 + Level 7.4 Dodging
 + Level 2.3 Shields


You had 10 spell levels left.
You didn't know any spells.
Your spell library was empty.

Dungeon Overview and Level Annotations

Branches:
Dungeon (9/15)             Temple (1/1) D:7         Ossuary (visited)
 Bailey (visited)
   Lair: D:8-11         Orc: D:9-12

Altars:
Ashenzari
Cheibriados
Dithmenos
Elyvilon
Fedhas
Gozag
Hepliaklqana
Kikubaaqudgha
Makhleb
Nemelex Xobeh
Okawaru
Qazlal
Ru
Sif Muna
Trog
Uskayaw
Vehumet
Wu Jian
Xom
Yredelemnul
Zin
The Shining One


Innate Abilities, Weirdness & Mutations

You have razor-sharp teeth.
Your natural rate of healing is unusually fast.
When hurt, damage is shared between your health and your magic reserves.
Your bite disrupts and absorbs the magic of your enemies.
Potions cannot restore your health.


Message History

You hit the fire elemental. You bite the fire elemental. You drain its power.
The fire elemental is moderately damaged.
The liquid fire burns you!
* * * LOW HITPOINT WARNING * * *
You puncture the fire elemental! You bite the fire elemental.
You drain its power.
The fire elemental is almost destroyed.
The liquid fire burns you!
* * * LOW HITPOINT WARNING * * *
The fire elemental hits you.
You barely miss the fire elemental.
The fire elemental is almost destroyed.
The liquid fire burns you!
* * * LOW HITPOINT WARNING * * *
You block the fire elemental's attack.
Found 16 gold pieces.
You shake off the liquid fire.
You feel a strong urge to attack something.
The fire elemental hits you.
You completely miss the fire elemental. Your bite misses the fire elemental.
The fire elemental is almost destroyed.
You puncture the fire elemental!
You destroy the fire elemental!
The fire elemental disappears in a puff of smoke!
You are no longer berserk.
You are exhausted.
You feel yourself slow down.
Your troll goes berserk!
The fire dragon bites you!
* * * LOW HITPOINT WARNING * * *
The fire dragon claws you.
* * * LOW HITPOINT WARNING * * *
The fire dragon tramples you but does no damage.
The deep elf pyromancer casts a spell at you.
The bolt of fire hits the fire dragon.
The fire dragon resists.
The bolt of fire misses you. The fire dragon breathes flames at you.
The blast of flame hits you!!!
Ouch! That really hurt!
You die...

#.#.††.(# #$$$$$#....##......
..###.### #$$$$$#.##..#......
#.#..)..# #$$$$$#.###)#......
..###.### $$$$$#.###.#......
#.#....[# $$$$#.....#......
#.###'###########e#####'###......
#.#.....#.....#§D§..#.....#......
#.#.....#.#.#.#.....#.....#......
#.#.....'.#.#.'.@#..#.....#......
#.#.....#.#†#=#.T...#.....#......
#.#.....#.....#.....#.....#.####.
..#####################'###.###..
............................#...#
...............)))............###
##....####....##.#.#..#.#######
#.#.#######..##<#......# #.#.#
#......###....>..##


You could see a fire dragon (catching breath, ally target), a deep elf
pyromancer and a friendly troll (summoned, berserk).

Vanquished Creatures
  A centaur warrior (D:9)
  2 two-headed ogres (D:9)
  2 ugly things
  2 cyclopes
  Joseph (D:7)
  An unseen horror zombie (D:8)
  A kobold demonologist (D:9)
  A troll (D:8)
  A wraith (D:9)
  4 yaks (D:9)
  4 steam dragons
  Menkaure (D:7)
  4 water moccasins
  13 orc warriors
  2 ice beasts (D:7)
  A sky beast (D:8)
  An ogre (D:5)
  5 centaurs
  8 kobold brigands
  3 elf zombies (Ossuary)
  5 bullfrogs
  2 wyvern zombies (D:8)
  3 gnoll sergeants
  8 wights
  3 killer bees (D:9)
  2 howler monkeys
  A centaur zombie (Ossuary)
  A bombardier beetle (D:3)
  2 gnoll boudas
  2 hounds
  3 jellies
  3 orc priests (D:8)
  2 human zombies (Ossuary)
  3 iguanas
  Ijyb (D:3)
  11 orc wizards
  8 hound zombies (Ossuary)
  2 mummies (Ossuary)
  A howler monkey zombie (D:8)
  Robin (D:3)
  17 gnolls
  8 adders
  A shadow imp (D:5)
  5 white imps
  4 adder zombies (Ossuary)
  2 ribbon worms
  37 orcs
  5 endoplasms
  2 giant cockroaches
  10 goblins
  10 hobgoblins
  6 jackals
  2 quokkas (D:3)
  9 ball pythons
  4 bats
  5 frilled lizards
  6 gnoll zombies (Ossuary)
  4 jackal zombies (Ossuary)
  27 kobolds
  6 kobold zombies (Ossuary)
  2 orc zombies (Ossuary)
  A quokka zombie (D:7)
  5 rats
  A rat zombie (D:7)
301 creatures vanquished.

Vanquished Creatures (others)
  A kobold (D:7)
1 creature vanquished.

Grand Total: 302 creatures vanquished

Notes
Turn   | Place    | Note
-------+----------+-------------------------------------------
     0 | D:1      | Autsider the Vine Stalker Berserker began the quest for the
                  | Orb.
     0 | D:1      | Reached XP level 1. HP: 11/11 MP: 2/2
   227 | D:1      | Reached XP level 2. HP: 16/16 MP: 0/3
   231 | D:1      | Reached skill level 3 in Short Blades
   838 | D:2      | Reached XP level 3. HP: 19/19 MP: 4/4
   841 | D:2      | You fall into a shaft and drop 2 floors!
  1022 | D:4      | Identified the +7 chain mail "Hexihuh" {rF- Will+ Dex+3
                  | Stlth+}
  1050 | D:4      | Reached ** piety under Trog
  1051 | D:4      | Reached XP level 4. HP: 24/24 MP: 5/5
  1356 | D:4      | Reached XP level 5. HP: 28/28 MP: 6/6
  1400 | D:3      | Found a hide-covered altar of Uskayaw.
  1407 | D:3      | Reached skill level 4 in Short Blades
  1873 | D:3      | Noticed Ijyb
  1873 | D:3      | Noticed Robin
  1892 | D:3      | Killed Robin
  1893 | D:3      | Reached XP level 6. HP: 32/32 MP: 7/7
  1916 | D:3      | Killed Ijyb
  1989 | D:3      | Reached *** piety under Trog
  2001 | D:3      | Found a sacrificial altar of Ru.
  2783 | D:4      | Found an opulent altar of Gozag.
  3073 | D:5      | Entered Level 5 of the Dungeon
  3156 | D:5      | Reached XP level 7. HP: 37/37 MP: 8/8
  3400 | D:5      | Reached skill level 5 in Short Blades
  4047 | D:6      | Gained mutation: You have razor-sharp teeth. [Vine Stalker
                  | growth]
  4047 | D:6      | Reached XP level 8. HP: 37/42 MP: 7/9
  4238 | D:7      | Reached skill level 6 in Short Blades
  4248 | D:7      | Identified a scroll of acquirement
  4248 | D:7      | Acquired the +0 pair of fencer's gloves {Riposte Dex+3}
  4248 | D:7      | Found the +0 pair of fencer's gloves {Riposte Dex+3}
  4294 | D:7      | Reached skill level 5 in Fighting
  4340 | D:7      | Reached skill level 7 in Short Blades
  4340 | D:7      | Reached XP level 9. HP: 36/47 MP: 7/10
  4342 | D:7      | Noticed Joseph
  4355 | D:7      | Killed Joseph
  4441 | D:7      | Found a sand-covered staircase.
  4452 | D:7      | Reached **** piety under Trog
  4455 | Ossuary  | Entered an ossuary
  4714 | Ossuary  | Reached ***** piety under Trog
  4847 | D:7      | Reached skill level 5 in Armour
  4847 | D:7      | Noticed Menkaure
  4852 | D:7      | Found a staircase to the Ecumenical Temple.
  4857 | D:7      | Killed Menkaure
  4858 | D:7      | Reached skill level 8 in Short Blades
  4858 | D:7      | Reached skill level 5 in Dodging
  4888 | Temple   | Entered the Ecumenical Temple
  4888 | Temple   | Noticed a hellwing
  4888 | Temple   | Noticed a rust devil
  4888 | Temple   | Noticed an orange demon
  5037 | D:7      | Noticed a cyclops
  5053 | D:7      | Killed a cyclops
  5058 | D:7      | Reached XP level 10. HP: 39/53 MP: 11/11
  5116 | D:7      | Identified the +13 chain mail of the Flute {rN+ Will+
                  | Dex+3}
  5822 | D:8      | Reached skill level 9 in Short Blades
  5874 | D:8      | Found a flagged portal.
  5889 | Bailey   | Entered a bailey
  5995 | Bailey   | Received a gift from Trog
  6391 | D:8      | Found a white marble altar of Elyvilon.
  6732 | D:8      | Noticed a brown ugly thing
  6743 | D:8      | Killed a brown ugly thing
  7085 | D:9      | Reached XP level 11. HP: 57/58 MP: 12/12
  7167 | D:9      | Reached skill level 10 in Short Blades
  7199 | D:9      | Noticed a two-headed ogre
  7213 | D:9      | Killed a two-headed ogre
  7642 | D:9      | Noticed a two-headed ogre
  7644 | D:9      | Noticed a cyclops
  7669 | D:9      | Killed a two-headed ogre
  7670 | D:9      | Reached skill level 1 in Shields
  7709 | D:9      | Killed a cyclops
  7774 | D:9      | Noticed a white ugly thing
  7774 | D:9      | Noticed a fire dragon
  7774 | D:9      | Noticed a deep elf pyromancer
  7774 | D:9      | Noticed a centaur warrior
  7776 | D:9      | Killed a centaur warrior
  7782 | D:9      | Killed a white ugly thing
  7796 | D:9      | Killed from afar by a fire dragon

Illustrated notes

Levels and vault maps discovered:
D:1:      lightli_arrival_flooded_house, layout_basic, minmay_pentomino_r4
D:2:      layout_rooms
D:3:      layout_basic, lemuel_doored_altar,
          nicolae_uskayaw_murder_on_the_dancefloor,
          hangedman_decor_clover_reticule, nicolae_goblin_pals
D:4:      layout_basic, nicolae_gozag_seed_capital
D:5:      layout_rooms
D:6:      layout_rooms, serial_corexii_hall, corexii_hall_statues_l,
          corexii_hall_statues_t, chequers_hall_statues_wall_a,
          ebering_dispersal_statue_hall
D:7:      layout_basic, minmay_temple_entry_enclosed_plants, enter_ossuary_4,
          minmay_bent, uniq_menkaure, uniq_joseph
D:8:      layout_loops_cross, elyvilon_altar_3, serial_undead, serial_undead_f,
          serial_undead_f, serial_undead_a, serial_undead_e,
          lightli_bailey_entry_fortress, st_stairs_3,
          amcnicky_mini_corridor_feature, grunt_ministairs_12
D:9:      minmay_the_grid_square_5x5_4x4 [minmay_the_grid_square_5x5_empty,
          minmay_the_grid_square_5x5_bite, minmay_the_grid_square_5x5_empty,
          minmay_the_grid_square_5x5_inverted_slash,
          minmay_the_grid_square_5x5_one_wall,
          minmay_the_grid_square_5x5_prize_gold,
          minmay_the_grid_square_5x5_prize_waves,
          minmay_the_grid_square_5x5_half_checkered,
          minmay_the_grid_square_5x5_eight,
          minmay_the_grid_square_5x5_prize_junk,
          minmay_the_grid_square_5x5_prize_monsterx,
          minmay_the_grid_square_5x5_broken_cross,
          minmay_the_grid_square_5x5_dogpile, minmay_the_grid_square_5x5_tie,
          minmay_the_grid_square_5x5_trominoes,
          minmay_the_grid_square_5x5_comb], layout_basic, minmay_holes
Temple:   nicolae_temple_panitentiary

Skill      XL: |  1  2  3  4  5  6  7  8  9 10 11 |
---------------+----------------------------------+-----
Short Blades   | 3 4 5 7 8 9 10 | 10.0
Fighting       | 3 4 5 6 7 8 |  8.4
Armour         | 2 3 4 5 6 7 |  7.4
Dodging        | 2 3 4 5 6 7 |  7.4
Shields        | 2 |  2.3

Action                     |  1- 3 |  4- 6 |  7- 9 | 10-12 || total
---------------------------+-------+-------+-------+-------++-------
  Melee: Short sword       |    65 |   153 |   411 |   450 ||  1079
         Bite              |    18 |    40 |   137 |   203 ||   398
         Unarmed           |       |       |       |    48 ||    48
 Invoke: Berserk           |     1 |       |     1 |     3 ||     5
         Trog's Hand       |       |       |       |     2 ||     2
         Brothers in Arms  |       |       |       |     1 ||     1
    Use: Scroll            |       |       |     6 |     6 ||    12
         Potion            |       |       |       |     1 ||     1
 Armour: Animal skin       |    40 |       |       |       ||    40
         Chain mail        |    12 |    84 |   196 |   221 ||   513
         Skin              |       |       |       |    30 ||    30
  Dodge: Dodged            |    39 |    49 |   118 |   240 ||   446
  Block: Other             |       |     3 |    86 |    69 ||   158
         Reflection        |       |       |     5 |    12 ||    17
         Kite shield       |       |       |       |    16 ||    16
Riposte: Short sword       |       |       |       |    67 ||    67

Table legend: (Time is in decaauts)
 A = Elapsed time spent in this place.
 B = Non-inter-level travel time spent in this place.
 C = Inter-level travel time spent in this place.
 D = Time resting spent in this place.
 E = Time spent auto-exploring this place.
 F = Levels seen in this place.
 G = Mean time per level.
                   A        B        C        D        E       F      G
               +--------+--------+--------+--------+--------+-----+--------+
         Total |   7485 |   7152 |    333 |     41 |   5210 |  12 |  623.8 |
       Dungeon |   6877 |   6544 |    333 |     41 |   4972 |   9 |  764.1 |
        Temple |      1 |      1 |      0 |      0 |      0 |   1 |    1.0 |
       Ossuary |    227 |    227 |      0 |      0 |     77 |   1 |  227.0 |
        Bailey |    377 |    377 |      0 |      0 |    161 |   1 |  377.0 |
               +--------+--------+--------+--------+--------+-----+--------+

Top non-repeatable levels by time:
     D:7: 1012 daAuts
     D:4: 935 daAuts
     D:8: 929 daAuts
     D:3: 856 daAuts
     D:1: 793 daAuts
     D:9: 786 daAuts
     D:6: 553 daAuts
     D:5: 547 daAuts
     D:2: 461 daAuts
  Bailey: 377 daAuts
 Ossuary: 227 daAuts
  Temple: 1 daAuts
